[Event "Titled Tuesday Blitz November 22 Early 2022"]
[White "Salinas Herrera, Pablo"]
[Black "Mohammed, Dilshad"]
[WhiteFideId "3407128"]
[BlackFideId "5050421"]
[WhiteElo "2557"]
[BlackElo "2102"]
[Result "0-1"]
[Round "01"]
[TimeControl "180+1"]
[Date "2022.11.23"]
[WhiteClock "0:00:02"]
[BlackClock "0:00:16"]

1. e4 e5 2. Nf3 Nc6 3. Bc4 Nf6 4. d3 Be7 5. O-O O-O 6. a4 d6 7. h3 h6 8. Nc3 a6 9. Be3 Be6 10. Nd5 Bxd5 11. Bxd5 Nxd5 12. exd5 Nb8 13. Nd2 Bg5 14. a5 Nd7 15. c4 f5 16. f4 exf4 17. Bxf4 Bxf4 18. Rxf4 Ne5 19. Qb3 Qg5 20. Raf1 Qg3 21. Rxf5 Qe3+ 22. Kh1 Rxf5 23. Rxf5 Qxd2 24. Qxb7 Re8 25. Qxc7 Ng4 26. Qf7+ Kh7 27. hxg4 Qe1+ 28. Rf1 Qh4+ 29. Kg1 Re5 30. Qf3 Rg5 31. Qe4+ Rg6 32. Rf4 Qg5 33. b4 Qd8 34. d4 Qc7 35. c5 Qb7 36. cxd6 Qxb4 37. d7 Qd6 38. Rf7 Qc7 39. Qf5 Qc1+ 40. Kh2 Qc7+ 41. Qe5 Qxa5 42. Qe8 Rd6 43. Qe4+ Rg6 44. Rf8 Qc7+ 0-1


[Site "https://www.chess.com"]

[Event "Titled Tuesday Blitz November 22 Early 2022"]
[White "Salman, Pavel"]
[Black "Arbunic Castro, Giovanna"]
[WhiteFideId "24153753"]
[BlackFideId "3400549"]
[WhiteElo "2187"]
[BlackElo "1955"]
[Result "1-0"]
[Round "01"]
[TimeControl "180+1"]
[Date "2022.11.23"]
[WhiteClock "0:00:21"]
[BlackClock "0:00:01"]

1. d4 Nf6 2. Nc3 g6 3. e4 d6 4. h4 h5 5. Bg5 Bg7 6. Nf3 Nbd7 7. e5 dxe5 8. dxe5 Ng4 9. e6 fxe6 10. Bc4 Nde5 11. Qxd8+ Kxd8 12. O-O-O+ Ke8 13. Nxe5 Bxe5 14. Ne4 Rf8 15. f3 Nf6 16. Rhe1 Nxe4 17. Rxe4 Bf6 18. Bxe6 Bxe6 19. Rxe6 Kf7 20. Rde1 Rfe8 21. a4 Rad8 22. c3 Bxg5+ 23. hxg5 Rd6 24. R6e4 Rd5 25. f4 e6 26. R1e2 a5 27. Kc2 c6 28. b4 axb4 29. cxb4 b5 30. a5 c5 31. a6 cxb4 32. a7 Rdd8 33. Kb3 Ra8 34. Ra2 Re7 35. Ra6 Raxa7 36. Rexe6 Rxe6 37. Rxa7+ Re7 38. Ra6 Re4 39. Rf6+ Kg7 40. g3 Re3+ 41. Kxb4 Rxg3 42. Kxb5 h4 43. Ra6 h3 44. Ra7+ Kf8 45. Rh7 Rf3 46. Rh4 h2 47. Rxh2 Rxf4 48. Rg2 Ke7 49. Kc5 Ke6 50. Kc6 Kf5 51. Kd5 Rg4 52. Rf2+ Kxg5 53. Ke5 Ra4 54. Rf1 Ra5+ 55. Ke4 Kh5 56. Rh1+ Kg5 57. Rg1+ Kh5 58. Kf4 g5+ 59. Kf3 1-0


[Site "https://www.chess.com"]

[Event "Titled Tuesday Blitz November 22 Early 2022"]
[White "Samunenkov, Ihor"]
[Black "Gonzalez, Francisco Silva"]
[WhiteFideId "14187086"]
[BlackFideId "1512285"]
[WhiteElo "2441"]
[BlackElo "2159"]
[Result "1-0"]
[Round "01"]
[TimeControl "180+1"]
[Date "2022.11.23"]
[WhiteClock "0:00:51"]
[BlackClock "0:02:01"]

1. e4 e5 2. Nf3 Nc6 3. Bb5 a6 4. Ba4 Nf6 5. O-O b5 6. Bb3 Bc5 7. c3 d6 8. d4 Bb6 9. Be3 Rb8 10. Nbd2 Bg4 11. h3 Bd7 12. Re1 h6 13. a4 g5 14. a5 Nxa5 15. dxe5 Nxb3 16. Nxb3 Bxe3 17. Rxe3 dxe5 18. Nxe5 Be6 19. Rd3 Qc8 20. Nc5 Rb6 21. Qf3 Ke7 22. Rad1 Rd6 23. Rd4 Rhd8 24. Nc6+ Rxc6 25. Rxd8 Qxd8 26. Rxd8 Bg4 27. hxg4 Kxd8 28. e5 Rxc5 29. Qxf6+ Kd7 30. Qxf7+ Kc6 31. e6 Re5 32. e7 Re1+ 33. Kh2 a5 34. e8=Q+ Rxe8 35. Qxe8+ Kb6 36. Qe6+ c6 37. Qxh6 b4 38. cxb4 a4 39. Qxg5 c5 40. Qxc5+ Ka6 41. Qa5+ 1-0


[Site "https://www.chess.com"]

[Event "Titled Tuesday Blitz November 22 Early 2022"]
[White "Sanchez, Robert"]
[Black "Garcia Ramos, Daniel"]
[WhiteFideId "2034360"]
[BlackFideId "32010311"]
[WhiteElo "2294"]
[BlackElo "2357"]
[Result "0-1"]
[Round "01"]
[TimeControl "180+1"]
[Date "2022.11.23"]
[WhiteClock "0:00:24"]
[BlackClock "0:00:09"]

1. e4 c6 2. d4 d5 3. e5 Bf5 4. Nf3 e6 5. Be2 Nd7 6. O-O a6 7. c3 h6 8. Nbd2 c5 9. Re1 Qc7 10. Nf1 Ne7 11. Ng3 Bh7 12. Be3 Nf5 13. Nxf5 Bxf5 14. Rc1 c4 15. b3 b5 16. Nd2 Ba3 17. f4 Bxc1 18. Qxc1 cxb3 19. axb3 Rc8 20. c4 bxc4 21. bxc4 dxc4 22. Nxc4 O-O 23. Qa3 Rb8 24. Nd6 Qxd6 25. Qxd6 Nb6 26. g4 Be4 27. Bf2 Nd5 28. Bg3 Rb2 29. Bf1 Bf3 30. f5 Rb6 31. Qc5 Bxg4 32. Bg2 Rb5 33. Qd6 Bxf5 34. Qxa6 Rb2 35. Rf1 Ne3 36. Rf2 Rb1+ 37. Bf1 Rfb8 38. Bf4 Rxf1+ 39. Rxf1 Nxf1 40. Kxf1 Rb3 41. Bg3 Bd3+ 42. Qxd3 Rxd3 0-1


[Site "https://www.chess.com"]

[Event "Titled Tuesday Blitz November 22 Early 2022"]
[White "Sarana, Alexey"]
[Black "Goncalves, Davi Sulzbacher"]
[WhiteFideId "24133795"]
[BlackFideId "2154510"]
[WhiteElo "2708"]
[BlackElo "2182"]
[Result "1-0"]
[Round "01"]
[TimeControl "180+1"]
[Date "2022.11.22"]
[WhiteClock "0:01:52"]
[BlackClock "0:01:02"]

1. c4 Nf6 2. Nc3 d5 3. cxd5 Nxd5 4. Nf3 g6 5. h4 Bg4 6. Qa4+ Bd7 7. Qb3 Nb6 8. d4 Bg7 9. h5 Nc6 10. e3 Be6 11. Qd1 Bg4 12. h6 Bf6 13. Ne4 Qd5 14. Nxf6+ exf6 15. Be2 O-O 16. Bd2 Rfe8 17. Bc3 Rad8 18. Qb3 Qxb3 19. axb3 a6 20. Rh4 Be6 21. Nd2 Bd5 22. e4 g5 23. exd5 Nxd5 24. Re4 Nf4 25. g3 1-0


[Site "https://www.chess.com"]

[Event "Titled Tuesday Blitz November 22 Early 2022"]
[White "Sargissyan, Sargis"]
[Black "Arabidze, Meri"]
[WhiteFideId "13303210"]
[BlackFideId "13604040"]
[WhiteElo "2109"]
[BlackElo "2403"]
[Result "0-1"]
[Round "01"]
[TimeControl "180+1"]
[Date "2022.11.23"]
[WhiteClock "0:00:02"]
[BlackClock "0:00:48"]

1. e4 c5 2. Nf3 e6 3. d4 cxd4 4. Nxd4 Nc6 5. Nc3 a6 6. Nxc6 bxc6 7. Bd3 d5 8. O-O Nf6 9. Qf3 Be7 10. Qg3 O-O 11. Bh6 Ne8 12. Bf4 Bh4 13. Qh3 e5 14. Qf3 exf4 15. exd5 cxd5 16. Nxd5 Bb7 17. c4 Bxd5 18. cxd5 Bf6 19. Rac1 Bxb2 20. Rc6 Nf6 21. Rd1 Be5 22. d6 g6 23. Bxa6 Qd7 24. a4 g5 25. Bb5 g4 26. Qe2 Qf5 27. d7 f3 28. Qc4 Rad8 29. Rc8 fxg2 30. Rxd8 Rxd8 31. Re1 Bxh2+ 32. Kxh2 Qxf2 33. Re8+ Kg7 0-1


[Site "https://www.chess.com"]

[Event "Titled Tuesday Blitz November 22 Early 2022"]
[White "Sellitti, Federico"]
[Black "Samaganova, Aleksandra"]
[WhiteFideId "821829"]
[BlackFideId "13800221"]
[WhiteElo "2583"]
[BlackElo "1864"]
[Result "1-0"]
[Round "01"]
[TimeControl "180+1"]
[Date "2022.11.23"]
[WhiteClock "0:00:13"]
[BlackClock "0:00:10"]

1. e4 c5 2. Nc3 e6 3. g3 a6 4. Bg2 b5 5. d3 Bb7 6. Be3 Qc7 7. Qd2 Nf6 8. h3 d5 9. exd5 Nxd5 10. Nxd5 Bxd5 11. Bxd5 exd5 12. d4 c4 13. Ne2 Nd7 14. O-O Bd6 15. Bf4 Nf6 16. Bxd6 Qxd6 17. Rfe1 O-O 18. Nf4 Rfe8 19. Kg2 h6 20. c3 a5 21. a4 b4 22. cxb4 axb4 23. Rxe8+ Rxe8 24. a5 Ra8 25. Qd1 Ra6 26. Qa4 Kh7 27. Qb5 g5 28. Ne2 Ne4 29. Ra4 b3 30. f3 Nf6 31. g4 h5 32. Qb7 Kg6 33. Nc3 h4 34. Ne2 Qe6 35. Kf2 Qd6 36. Kg2 Qe6 37. Kf2 Qd6 38. Kf1 Qe6 39. Qb8 Qe3 40. Qe5 Qxf3+ 41. Ke1 Ne4 42. Qf5+ Qxf5 43. gxf5+ Kxf5 44. Ra1 Nd6 45. Nc3 Kg6 46. Nxd5 Nb7 47. Nc7 Rxa5 48. Rc1 Rd5 49. Nxd5 c3 50. Nxc3 Nd6 51. Ke2 Nf5 52. Kf3 Nxd4+ 53. Ke4 Nc2 54. Kd3 f5 55. Kc4 Ne3+ 56. Kxb3 g4 57. hxg4 fxg4 58. Ne4 g3 59. Rg1 Kf5 60. Nxg3+ hxg3 61. Rxg3 Kf4 62. Rxe3 Kxe3 63. Kc4 Ke4 64. b4 Ke5 65. Kc5 Ke6 66. Kc6 Ke7 67. Kc7 Ke6 68. b5 Ke7 69. b6 1-0


[Site "https://www.chess.com"]

[Event "Titled Tuesday Blitz November 22 Early 2022"]
[White "Seo, Jung Min"]
[Black "Ciuffoletti, Paolo"]
[WhiteFideId "1734687"]
[BlackFideId "807630"]
[WhiteElo "2455"]
[BlackElo "2143"]
[Result "1-0"]
[Round "01"]
[TimeControl "180+1"]
[Date "2022.11.23"]
[WhiteClock "0:01:40"]
[BlackClock "0:00:01"]

1. e4 c5 2. Nc3 Nc6 3. Nf3 Nf6 4. d4 cxd4 5. Nxd4 e5 6. Ndb5 d6 7. Nd5 Nxd5 8. exd5 Nb8 9. a4 Be7 10. Be2 O-O 11. O-O f5 12. b4 a5 13. bxa5 Rxa5 14. Bd2 Ra8 15. a5 Na6 16. c4 e4 17. Bc3 Bf6 18. Bxf6 Qxf6 19. f3 e3 20. f4 Bd7 21. Qd4 Qxd4 22. Nxd4 Nc5 23. Ra3 Rfe8 24. Rf3 Re4 25. Nc2 Ba4 26. Nxe3 Rae8 27. Bf1 h6 28. Nxf5 Rd8 29. g3 Kh7 30. Rfe3 g6 31. Rxe4 Nxe4 32. Nd4 Nc5 33. Ne6 Nxe6 34. dxe6 Be8 35. a6 bxa6 36. Rxa6 Kg7 37. Bh3 Kf6 38. Ra7 1-0


[Site "https://www.chess.com"]

[Event "Titled Tuesday Blitz November 22 Early 2022"]
[White "Shapiro, Daniel"]
[Black "Aloma Vidal, Robert"]
[WhiteFideId "2001780"]
[BlackFideId "2260409"]
[WhiteElo "2331"]
[BlackElo "2435"]
[Result "0-1"]
[Round "01"]
[TimeControl "180+1"]
[Date "2022.11.23"]
[WhiteClock "0:00:32"]
[BlackClock "0:00:54"]

1. d4 d5 2. c4 c6 3. Nf3 Nf6 4. Qb3 e6 5. Nc3 dxc4 6. Qxc4 b5 7. Qb3 a5 8. a3 Nbd7 9. Bg5 Bb7 10. e3 Be7 11. Be2 O-O 12. O-O h6 13. Bh4 b4 14. axb4 axb4 15. Na4 c5 16. Rfd1 Bd5 17. Qc2 b3 18. Qc1 cxd4 19. exd4 Ne4 20. Bxe7 Qxe7 21. Qe3 Rfc8 22. Bd3 Nef6 23. Ne5 Qb4 24. Nc3 Nb6 25. Rac1 Na4 26. Nxa4 Qxa4 27. Bc4 Bxc4 28. Qf3 Bd5 29. Rxc8+ Rxc8 30. Qg3 Qxd4 0-1


[Site "https://www.chess.com"]

[Event "Titled Tuesday Blitz November 22 Early 2022"]
[White "Shubenkova, Veronika"]
[Black "Abdrlauf, Elham"]
[WhiteFideId "44124040"]
[BlackFideId "1533533"]
[WhiteElo "2027"]
[BlackElo "2447"]
[Result "1-0"]
[Round "01"]
[TimeControl "180+1"]
[Date "2022.11.23"]
[WhiteClock "0:01:13"]
[BlackClock "0:00:01"]

1. e4 g6 2. d4 Bg7 3. c4 e6 4. Nc3 Ne7 5. Be3 d5 6. f3 c5 7. cxd5 exd5 8. Bb5+ Nbc6 9. Nge2 O-O 10. Bxc6 bxc6 11. dxc5 Ba6 12. Bd4 Qa5 13. O-O dxe4 14. Bxg7 Kxg7 15. Qd4+ f6 16. b4 Qc7 17. Qxe4 Rae8 18. Rfe1 Nf5 19. Qf4 Re5 20. Ne4 Bd3 21. N2c3 Rfe8 22. Red1 Bxe4 23. Nxe4 R8e7 24. g4 g5 25. Nxg5 fxg5 26. Qxg5+ Kh8 27. Qf6+ Kg8 28. gxf5 Re2 29. Rd6 h6 30. Qxh6 Rg7+ 31. Rg6 Re7 32. Rd1 1-0


[Site "https://www.chess.com"]

[Event "Titled Tuesday Blitz November 22 Early 2022"]
[White "Shuvalov, Evgenij"]
[Black "Castillo Pena, Patricia Evarista"]
[WhiteFideId "4187237"]
[BlackFideId "6412106"]
[WhiteElo "2049"]
[BlackElo "1919"]
[Result "1/2-1/2"]
[Round "01"]
[TimeControl "180+1"]
[Date "2022.11.23"]
[WhiteClock "0:00:08"]
[BlackClock "0:00:19"]

1. e4 c5 2. c3 d5 3. exd5 Qxd5 4. d4 Nf6 5. Nf3 Bg4 6. Be2 e6 7. O-O Be7 8. Na3 cxd4 9. Nb5 Qd7 10. Bf4 Na6 11. Ne5 Bxe2 12. Qxe2 Qd8 13. Rfd1 O-O 14. Rxd4 Qb6 15. a4 Rfd8 16. a5 Qc5 17. b4 Qc8 18. Rad1 Rxd4 19. Rxd4 Nd5 20. Bd2 Nac7 21. Nxc7 Qxc7 22. Rc4 Qb8 23. g3 Qd8 24. Rd4 Qe8 25. Nd3 Bf6 26. Rc4 Rc8 27. Rxc8 Qxc8 28. Qe1 h6 29. Nc5 b6 30. Ne4 bxa5 31. Nxf6+ Nxf6 32. bxa5 Qa6 33. Qa1 Nd5 34. Qa3 Qc4 35. Be1 a6 36. Qb2 g6 37. Qb7 Nxc3 38. Bxc3 Qxc3 39. Qxa6 Qe1+ 40. Kg2 Qe4+ 41. Kg1 Qe1+ 42. Kg2 Qd1 43. Qb6 Qd5+ 44. Kg1 Qd1+ 45. Kg2 Qd5+ 46. Kf1 Qd1+ 47. Kg2 1/2-1/2


[Site "https://www.chess.com"]

[Event "Titled Tuesday Blitz November 22 Early 2022"]
[White "Sipila, Vilka"]
[Black "Gedgafov, Chamal"]
[WhiteFideId "505455"]
[BlackFideId "34130621"]
[WhiteElo "2347"]
[BlackElo "2067"]
[Result "1-0"]
[Round "01"]
[TimeControl "180+1"]
[Date "2022.11.23"]
[WhiteClock "0:01:08"]
[BlackClock "0:00:36"]

1. d4 d5 2. Nf3 Nf6 3. Bf4 c5 4. e3 Nc6 5. Nbd2 Bg4 6. h3 Bh5 7. c3 e6 8. Qb3 Qb6 9. g4 Bg6 10. Ne5 c4 11. Qxb6 axb6 12. Nxg6 hxg6 13. a3 Nxg4 14. e4 Nf6 15. Bg2 b5 16. O-O-O b4 17. axb4 Kd7 18. Kc2 Be7 19. Ra1 b5 20. Bg5 Nxe4 21. Nxe4 dxe4 22. Bxe7 Nxe7 23. Bxe4 Nd5 24. Ra5 Rxa5 25. bxa5 f5 26. Bxd5 exd5 27. b4 Re8 28. Kd2 g5 29. Rg1 Rh8 30. Rxg5 Rxh3 31. Rxf5 Ke6 32. Rf8 Rh1 33. Re8+ Kd7 34. Rb8 Kc6 35. Rb6+ Kc7 36. Rxb5 Kc6 37. Rb6+ Kc7 38. Rg6 Ra1 39. Rxg7+ Kc6 40. Rg6+ Kc7 41. a6 Ra2+ 42. Kc1 Rxf2 43. b5 Rf1+ 44. Kb2 Rf2+ 45. Ka3 Rc2 46. b6+ Kb8 47. Rg8# 1-0


[Site "https://www.chess.com"]

[Event "Titled Tuesday Blitz November 22 Early 2022"]
[White "Skliarov, Viktor"]
[Black "Lauridsen, Jesper Morch"]
[WhiteFideId "14106736"]
[BlackFideId "1401890"]
[WhiteElo "2284"]
[BlackElo "2254"]
[Result "1-0"]
[Round "01"]
[TimeControl "180+1"]
[Date "2022.11.23"]
[WhiteClock "0:00:45"]
[BlackClock "0:00:08"]

1. e4 c5 2. Nf3 e6 3. c3 Nf6 4. Bd3 d5 5. e5 Nfd7 6. Bc2 Nc6 7. d4 c4 8. O-O Be7 9. Re1 h6 10. Nbd2 b5 11. Nf1 b4 12. Ng3 g6 13. h4 Bb7 14. h5 g5 15. Nh2 Qa5 16. Bd2 O-O-O 17. Ng4 Kb8 18. Qf3 Rdf8 19. Qe3 Ka8 20. Rf1 Rfg8 21. Ne2 Bc8 22. b3 f5 23. exf6 Nxf6 24. Nxf6 Bxf6 25. bxc4 bxc3 26. Bxc3 Qa3 27. cxd5 exd5 28. Qf3 Rf8 29. Qxd5 Bb7 30. Be4 Rd8 31. Qb5 Rc8 32. Rab1 Qa6 33. Qxa6 Bxa6 34. d5 Bxc3 35. dxc6 Rc7 36. Nxc3 Bxf1 37. Kxf1 Re8 38. Nb5 Rcc8 39. Nd6 Rb8 40. Rxb8+ Rxb8 41. c7+ Rb7 42. Bxb7# 1-0


[Site "https://www.chess.com"]

[Event "Titled Tuesday Blitz November 22 Early 2022"]
[White "Sokolovsky, Yahli"]
[Black "Vasques, Antonio Pedro Freixial"]
[WhiteFideId "2820242"]
[BlackFideId "1908332"]
[WhiteElo "2316"]
[BlackElo "2243"]
[Result "1/2-1/2"]
[Round "01"]
[TimeControl "180+1"]
[Date "2022.11.23"]
[WhiteClock "0:00:07"]
[BlackClock "0:00:15"]

1. b3 a5 2. Bb2 a4 3. b4 d6 4. a3 e5 5. e3 Nf6 6. Nf3 g6 7. d4 e4 8. Nfd2 Bg7 9. c4 O-O 10. Nc3 c5 11. bxc5 dxc5 12. d5 Re8 13. Qc2 Bf5 14. Nxa4 Nbd7 15. Nc3 Ne5 16. Be2 h5 17. h3 Qd7 18. Rb1 Ra6 19. Qb3 g5 20. Ba1 b6 21. Nb5 g4 22. hxg4 Bxg4 23. f3 exf3 24. gxf3 Bf5 25. e4 Bg6 26. Kd1 Bh6 27. Nf1 Nfg4 28. Ke1 Nxf3+ 29. Bxf3 Bxe4 30. Be2 Ne5 31. Rxh5 Bg7 32. Qh3 Bg6 33. Qxd7 Nxd7 34. Rb3 Bxh5 35. Ng3 Bxe2 36. Nxe2 Ne5 37. Kd1 Nxc4 38. Bxg7 Kxg7 39. Nc7 Re3 40. Rxe3 Nxe3+ 41. Kd2 Rxa3 42. Nb5 Rb3 43. Nbc3 Nc4+ 44. Kc2 Rb2+ 45. Kd3 Nd6 46. Nf4 Kf6 47. Nh5+ Ke5 48. Ng3 f5 49. Nge2 Ne4 50. Nd1 Rb3+ 51. Kc2 Rh3 52. Nc1 Rh2+ 53. Kb3 Kxd5 54. Ne3+ Kc6 55. Nxf5 b5 56. Ne3 c4+ 57. Kb4 Rb2+ 58. Ka3 Rb1 59. Na2 Kc5 60. Nc3 b4+ 61. Ka2 bxc3 62. Kxb1 Kd4 63. Nc2+ Kd3 64. Kc1 Nc5 65. Nb4+ Ke2 66. Kc2 Ne4 67. Nd5 Kf3 68. Nxc3 Nxc3 69. Kxc3 Kf4 70. Kxc4 1/2-1/2


[Site "https://www.chess.com"]

[Event "Titled Tuesday Blitz November 22 Early 2022"]
[White "Sreyas Payyappat"]
[Black "Pultinevicius, Paulius"]
[WhiteFideId "46674969"]
[BlackFideId "12809390"]
[WhiteElo "2083"]
[BlackElo "2493"]
[Result "0-1"]
[Round "01"]
[TimeControl "180+1"]
[Date "2022.11.23"]
[WhiteClock "0:01:35"]
[BlackClock "0:00:51"]

1. e4 g6 2. d4 Bg7 3. Nf3 d6 4. Be3 a6 5. Bd3 b5 6. O-O Bb7 7. Nbd2 Nd7 8. c3 c5 9. Re1 Ngf6 10. Bc2 Rc8 11. d5 O-O 12. c4 Nb6 13. b3 Ng4 14. Rb1 Nxe3 15. Rxe3 b4 16. e5 Nd7 17. exd6 exd6 18. Ne4 Nf6 19. Nfg5 Nxe4 20. Nxe4 a5 21. Qf3 Rc7 22. Rbe1 Bc8 23. R3e2 f5 24. Ng3 h5 25. h3 h4 26. Nf1 Rcf7 27. Re3 Bd7 28. Qe2 Be5 29. Nd2 Bf4 30. Rf3 Re8 31. Qd1 Rxe1+ 32. Qxe1 g5 33. g3 Re7 34. Qd1 hxg3 35. fxg3 Be3+ 36. Kg2 Qe8 37. Nf1 Bd4 38. Bxf5 Re2+ 39. Kh1 Bxf5 40. Qc1 Be4 41. Qxg5+ Bg7 42. Qf4 Qf8 43. Qxe4 Rxe4 44. Rxf8+ 0-1


[Site "https://www.chess.com"]

[Event "Titled Tuesday Blitz November 22 Early 2022"]
[White "Stijve, Theo"]
[Black "Movahed, Sina"]
[WhiteFideId "1331132"]
[BlackFideId "42520835"]
[WhiteElo "2256"]
[BlackElo "2225"]
[Result "0-1"]
[Round "01"]
[TimeControl "180+1"]
[Date "2022.11.23"]
[WhiteClock "0:00:10"]
[BlackClock "0:01:29"]

1. e4 c5 2. Nf3 d6 3. d4 cxd4 4. Nxd4 Nf6 5. Nc3 g6 6. Be3 a6 7. Be2 Bg7 8. O-O O-O 9. a4 b6 10. f4 Bb7 11. Bf3 Nbd7 12. Qe1 Qc7 13. g4 e5 14. Nb3 exf4 15. Bxf4 Ne5 16. g5 Nxf3+ 17. Rxf3 Ng4 18. h3 Ne5 19. Rf1 Nc4 20. Nd5 Bxd5 21. exd5 Nxb2 22. Qg3 Rad8 23. Rac1 Nxa4 24. c4 Nc5 25. Rfe1 a5 26. Qe3 a4 27. Nd4 Bxd4 28. Qxd4 Nb3 29. Qc3 Nxc1 30. Bxc1 Rde8 31. Rxe8 Rxe8 32. Bb2 Re5 33. Qf3 Qc5+ 34. Kh2 Rf5 35. Qe2 Qf2+ 0-1


[Site "https://www.chess.com"]

[Event "Titled Tuesday Blitz November 22 Early 2022"]
[White "Storey, Charles H"]
[Black "Tsaruk, Maksim"]
[WhiteFideId "406686"]
[BlackFideId "13511173"]
[WhiteElo "2252"]
[BlackElo "2300"]
[Result "0-1"]
[Round "01"]
[TimeControl "180+1"]
[Date "2022.11.23"]
[WhiteClock "0:00:03"]
[BlackClock "0:01:43"]

1. c4 e5 2. g3 Nc6 3. Bg2 g6 4. h4 Bg7 5. h5 d6 6. Nc3 Bg4 7. f3 Be6 8. Nd5 Bxd5 9. cxd5 Nce7 10. e4 Qd7 11. Qb3 c6 12. dxc6 Nxc6 13. Ne2 Nge7 14. d3 O-O-O 15. h6 Bf6 16. Be3 Kb8 17. O-O-O d5 18. Kb1 Rc8 19. Rc1 Rhd8 20. Rc2 dxe4 21. dxe4 Qd3 22. Qxd3 Rxd3 23. Bc5 Rcd8 24. Nc1 Rd1 25. Rxd1 Rxd1 26. a3 Bg5 27. b4 Nd4 28. Bxd4 exd4 29. Kb2 d3 30. Rc4 d2 31. Nb3 Rb1+ 32. Kxb1 d1=Q+ 33. Kb2 Qe2+ 34. Rc2 Qd3 35. f4 Bxh6 36. e5 Qxg3 37. Nc5 Bxf4 38. Bxb7 Bxe5+ 39. Ka2 Bd4 40. Ba6 Bxc5 41. Rxc5 Qf2+ 42. Kb3 h5 43. Ka4 h4 44. Re5 Qf6 45. Rb5+ Kc7 46. Rb7+ Kd6 47. Rxa7 h3 48. Bb7 Qd4 0-1


[Site "https://www.chess.com"]

[Event "Titled Tuesday Blitz November 22 Early 2022"]
[White "Streltsov, Alexey"]
[Black "Chong, Kai Ni Agnes"]
[WhiteFideId "24104434"]
[BlackFideId "5722071"]
[WhiteElo "2566"]
[BlackElo "1762"]
[Result "0-1"]
[Round "01"]
[TimeControl "180+1"]
[Date "2022.11.23"]
[WhiteClock "0:00:19"]
[BlackClock "0:00:19"]

1. d4 d5 2. Bf4 c5 3. e3 Qb6 4. Nc3 Nf6 5. Nb5 Na6 6. c3 Bd7 7. a4 e6 8. Nf3 Be7 9. a5 Qd8 10. Nd6+ Bxd6 11. Bxd6 Ne4 12. Bxa6 Nxd6 13. dxc5 bxa6 14. cxd6 Bb5 15. Qd4 O-O 16. Qe5 Qd7 17. Nd4 Rab8 18. f4 Bc4 19. b4 Rfe8 20. Kd2 f6 21. Qh5 Qxd6 22. Nf3 d4 23. exd4 Qxf4+ 24. Kc2 Qe4+ 25. Kc1 Qe3+ 26. Kc2 Qe2+ 27. Kc1 Bd3 28. Nd2 Qxh5 0-1


[Site "https://www.chess.com"]

[Event "Titled Tuesday Blitz November 22 Early 2022"]
[White "Stribuk, Artiom"]
[Black "Gjestemoen-VonHirsch, Andre"]
[WhiteFideId "13515659"]
[BlackFideId "1539531"]
[WhiteElo "2371"]
[BlackElo "2198"]
[Result "1-0"]
[Round "01"]
[TimeControl "180+1"]
[Date "2022.11.23"]
[WhiteClock "0:00:07"]
[BlackClock "0:00:01"]

1. d4 g6 2. Nf3 Bg7 3. g3 Nf6 4. Bg2 O-O 5. O-O d6 6. c4 Nbd7 7. Nc3 c5 8. b3 a6 9. Bb2 Rb8 10. a4 Qa5 11. e3 cxd4 12. Nxd4 Nc5 13. Qc2 Re8 14. Rfd1 Qc7 15. h3 e5 16. Nde2 Bd7 17. b4 Ne6 18. Qb3 Bc6 19. Nd5 Qd8 20. Rac1 Nc7 21. b5 Bxd5 22. cxd5 axb5 23. axb5 Na8 24. Bc3 Nd7 25. Bb4 Qe7 26. Nc3 b6 27. Ne4 Nc5 28. Qc4 Rec8 29. Bxc5 bxc5 30. Nc3 Qd7 31. Ra1 f5 32. Ra6 e4 33. Rda1 Bxc3 34. Qxc3 Qxb5 35. Ra7 Nc7 36. Qf6 1-0


[Site "https://www.chess.com"]

[Event "Titled Tuesday Blitz November 22 Early 2022"]
[White "Svane, Frederik"]
[Black "Diaz Rosas, Julio Cesar"]
[WhiteFideId "12923044"]
[BlackFideId "5105099"]
[WhiteElo "2466"]
[BlackElo "2246"]
[Result "1/2-1/2"]
[Round "01"]
[TimeControl "180+1"]
[Date "2022.11.22"]
[WhiteClock "0:00:08"]
[BlackClock "0:00:08"]

1. e4 c5 2. Nf3 d6 3. Bb5+ Nd7 4. d4 cxd4 5. Qxd4 a6 6. Bxd7+ Qxd7 7. Nc3 e5 8. Qb6 Be7 9. Bg5 Nf6 10. Bxf6 Bxf6 11. O-O-O O-O 12. Rxd6 Qg4 13. Rxf6 gxf6 14. Qxf6 Qf4+ 15. Qxf4 exf4 16. Nd5 Be6 17. Nxf4 Rac8 18. b3 Rfe8 19. Kb2 Bg4 20. Nd5 Kg7 21. Nd2 Be6 22. Nf4 Red8 23. Nd3 b5 24. Re1 Rc7 25. Nf1 a5 26. f4 f5 27. Ng3 fxe4 28. Rxe4 Bf7 29. Re5 a4 30. Nf5+ Kf8 31. Ne3 Rb8 32. g4 Ra7 33. f5 a3+ 34. Kc3 Rc7+ 35. Kb4 Re7 36. Rxe7 Kxe7 37. Kxa3 Ra8+ 38. Kb2 Kd6 39. a3 Bd5 40. h4 Be4 41. Nf4 Ke5 42. Ne6 Ra7 43. Kc3 Rxa3 44. Ng5 Ra7 45. Kb4 Bc6 46. Kc5 Be8 47. c4 bxc4 48. bxc4 Kf4 49. Nd5+ Kxg4 50. Nf6+ Kxh4 51. Ngxh7 Bf7 52. Kd6 Bxc4 53. Ke5 Bd3 54. Nf8 Ra5+ 55. Nd5 Bxf5 56. Kxf5 Rxd5+ 57. Ke4 Ra5 58. Ng6+ Kg5 59. Ne5 Kf6 60. Nf3 Ke6 61. Nd4+ Kf6 62. Nf3 Ra4+ 63. Nd4 Rb4 64. Kd5 Ra4 65. Ke4 Ra5 66. Nf3 1/2-1/2


[Site "https://www.chess.com"]

[Event "Titled Tuesday Blitz November 22 Early 2022"]
[White "Svane, Rasmus"]
[Black "Garv Gaur"]
[WhiteFideId "4657101"]
[BlackFideId "45030839"]
[WhiteElo "2674"]
[BlackElo "1960"]
[Result "1-0"]
[Round "01"]
[TimeControl "180+1"]
[Date "2022.11.22"]
[WhiteClock "0:00:39"]
[BlackClock "0:00:21"]

1. Nf3 d5 2. g3 Nf6 3. Bg2 c6 4. O-O Bg4 5. h3 Bh5 6. d4 Nbd7 7. c4 e6 8. cxd5 exd5 9. Ne5 Bg6 10. Nc3 Bd6 11. f4 Be4 12. Nxe4 Nxe4 13. Bxe4 dxe4 14. Qb3 O-O 15. Qxb7 Nxe5 16. fxe5 Bc7 17. Qb4 Qd7 18. Kg2 Rab8 19. Qc4 Rb5 20. b3 c5 21. Ba3 e3 22. Bxc5 Rc8 23. Rf3 Bxe5 24. Raf1 Bf6 25. Rxe3 Bxd4 26. Qxd4 Qb7+ 27. Qe4 Qxe4+ 28. Rxe4 Rbxc5 29. Re7 R5c7 30. Rfxf7 Rxe7 31. Rxe7 a5 32. Ra7 Rc2 33. Rxa5 Rxe2+ 34. Kf3 Rc2 35. Kf4 h6 36. h4 Kh7 37. h5 Rf2+ 38. Kg4 Rf6 39. a4 Rb6 40. Rb5 Rc6 41. a5 Kg8 42. b4 Kf7 43. Rb6 Rc4+ 44. Kh3 Rc1 45. a6 Ra1 46. b5 Ke8 47. Rb7 Ra5 48. a7 1-0


[Site "https://www.chess.com"]

[Event "Titled Tuesday Blitz November 22 Early 2022"]
[White "Szente Varga, Fruzsina"]
[Black "Darini, Pouria"]
[WhiteFideId "712264"]
[BlackFideId "12502200"]
[WhiteElo "1994"]
[BlackElo "2483"]
[Result "0-1"]
[Round "01"]
[TimeControl "180+1"]
[Date "2022.11.23"]
[WhiteClock "0:00:09"]
[BlackClock "0:00:19"]

1. e4 c6 2. d4 d5 3. Nc3 dxe4 4. Nxe4 Nf6 5. Nxf6+ exf6 6. c3 Bd6 7. Bd3 O-O 8. Ne2 Re8 9. Qc2 h5 10. Bd2 Nd7 11. O-O-O Nf8 12. Ng3 g6 13. Ne4 Be7 14. Bh6 f5 15. Nd2 Bg5 16. Bxf8 Rxf8 17. Kb1 b5 18. f3 Be6 19. g4 Bxd2 20. Rxd2 Qd5 21. b3 hxg4 22. Rf1 gxf3 23. Rdf2 Kg7 24. Rxf3 Rh8 25. Rg3 Rh5 26. Rfg1 Rah8 27. R3g2 b4 28. Bc4 Qd6 29. Bxe6 Qxe6 30. cxb4 Qf6 31. Qc4 Rd8 32. Rd2 Rh4 33. Rgd1 Rd5 34. Kb2 Qd6 35. a3 Rxh2 36. Kb1 Rxd2 37. Rxd2 f4 38. Kc2 f3 39. Qd3 f2 40. Rxf2 Rxd4 41. Qc3 Kg8 42. Re2 Qd7 43. b5 cxb5 44. Kb2 Rd3 45. Qe5 Qd4+ 46. Qxd4 Rxd4 47. Kc3 Rd7 48. Kb4 Rd6 49. Kc5 Rf6 50. Kxb5 Rb6+ 51. Kc4 Kg7 52. b4 g5 53. a4 g4 54. a5 Re6 55. Rg2 f5 56. b5 Kf6 57. Kc5 Kg5 58. b6 axb6+ 59. axb6 f4 60. b7 Re8 61. Ra2 Rb8 62. Kc6 g3 63. Ra5+ Kg4 64. Kc7 Rxb7+ 65. Kxb7 g2 66. Ra1 f3 67. Kc6 f2 68. Kd5 g1=Q 0-1


[Site "https://www.chess.com"]